 Dungeon Crawl Stone Soup version 0.19.0-19-g8c6edcc (webtiles) character file.

56689 dobroeutro the Severer (level 14, -32/190 HPs)
             Began as a Minotaur Berserker on Nov 12, 2016.
             Was an Elder of Trog.
             Annihilated by an orc warlord
             ... wielding a +3 bardiche of freezing
              (49 damage)
             ... on level 1 of the Orcish Mines.
             The game lasted 00:30:33 (13038 turns).

dobroeutro the Severer (Minotaur Berserker)        Turns: 13038, Time: 00:30:34

Health: -32/190    AC: 22    Str: 26    XL:     14   Next: 43%
Magic:  13/13      EV: 17    Int: 10    God:    Trog [****..]
Gold:   1946       SH:  0    Dex: 14    Spells: 0 memorised, 13 levels left

rFire  + + +     SeeInvis .     w - +8 battleaxe "Sudeoq" {chop, rElec rC- Int+4}
rCold  x . .     Gourm    .     I - +4 chain mail
rNeg   + . .     Faith    .     (shield currently unavailable)
rPois  .         Spirit   .     (helmet restricted)
rElec  +         Reflect  .     m - +1 cloak
rCorr  .         Harm     .     B - +0 pair of gloves of Nonan {*Corrode rN+ Dex+2}
MR     +....                    A - +0 pair of boots
Stlth  ..........               a - amulet of regeneration
                                S - ring of protection from fire
                                x - ring of protection from fire

@: berserking, studying Dodging, very quick
A: retaliatory headbutt, horns 2, clever 1, fire resistance 1, weak 2, sturdy
frame 1
a: Berserk, Trog's Hand, Brothers in Arms, Burn Spellbooks, Renounce Religion


You were on level 1 of the Orcish Mines.
You worshipped Trog.
Trog was greatly pleased with you.
You were very hungry.

You visited 2 branches of the dungeon, and saw 17 of its levels.
You also visited: Labyrinth and Trove.

You collected 1946 gold pieces.

Inventory:

Hand Weapons
 e - the +9 war axe of Infinity {chop, Int+5 Dex+2}
   (You found it on level 12 of the Dungeon)

   It inflicts extra damage upon your enemies.
   It affects your intelligence (+5).
   It affects your dexterity (+2).
 w - the +8 battleaxe "Sudeoq" (weapon) {chop, rElec rC- Int+4}
   (You found it on level 5 of the Dungeon)

   It inflicts extra damage upon your enemies.
   It affects your intelligence (+4).
   It makes you vulnerable to cold.
   It insulates you from electricity.
Armour
 m - a +1 cloak (worn)
 q - the +4 ring mail of Jujuypri {Str+3 SInv}
   (You took it off an orc priest on level 13 of the Dungeon)

   It affects your strength (+3).
   It lets you see invisible.
 A - a +0 pair of boots (worn)
 B - the +0 pair of gloves of Nonan (worn) {*Corrode rN+ Dex+2}
   (You acquired it on level 13 of the Dungeon)

   It affects your dexterity (+2).
   It protects you from negative energy.
   It may corrode you when you take damage.
 I - a +4 chain mail (worn)
 Q - a +3 plate armour
 R - a +2 chain mail of fire resistance
Jewellery
 a - an amulet of regeneration (around neck)
 n - the ring "Apiczira" {Fire rPois}
   (You took it off a minotaur in a labyrinth)

   [ring of fire]

   It enhances your fire magic.
   It protects you from fire.
   It makes you vulnerable to cold.
   It protects you from poison.
 x - a ring of protection from fire (left hand)
 F - the amulet of Wiliog {Gourm rPois Str+2 Int+5}
   (You found it in a labyrinth)

   [amulet of the gourmand]

   It allows you to eat raw meat even when not hungry.
   It affects your strength (+2).
   It affects your intelligence (+5).
   It protects you from poison.
 J - an uncursed ring of protection from magic {unknown}
 S - a ring of protection from fire (right hand)
Wands
 l - a wand of digging (19/24)
 v - a wand of heal wounds (7/9)
 E - a wand of hasting (1/9)
 G - a wand of lightning (11/15)
 L - a wand of slowing (27/48)
 X - a wand of digging (5/24)
Scrolls
 i - 5 scrolls of identify
 k - 7 scrolls of teleportation
 s - 4 scrolls of enchant armour
 u - a scroll of magic mapping
 y - 6 scrolls of remove curse
 T - 4 scrolls of fog
 U - 2 scrolls of recharging
 V - 5 scrolls of fear
Potions
 b - 3 potions of mutation
 d - 3 potions of might
 f - a potion of beneficial mutation
 g - 4 potions of invisibility
 h - 4 potions of berserk rage
 j - 3 potions of curing
 o - a potion of haste
 p - a potion of lignification {unknown}
 r - 2 potions of cure mutation
 H - 3 potions of flight
 K - 2 potions of heal wounds
Books
 O - a manual of Dodging
Comestibles
 c - 9 bread rations
 t - 3 meat rations
 z - a chunk of flesh
 C - 5 beef jerkies
 D - 26 fruits


   Skills:
 + Level 12.9 Fighting
 * Level 20.0 Axes
 + Level 12.4 Armour
 + Level 13.5 Dodging


You had 13 spell levels left.
You didn't know any spells.

Dungeon Overview and Level Annotations

Branches:
Dungeon (15/15)            Temple (0/1) D:7            Lair (0/6) D:9
    Orc (2/2) D:11         Vaults (0/5) D:14         Depths (0/5) D:15
    Elf: Orc:2

Altars:
Cheibriados
Dithmenos
Fedhas
Nemelex Xobeh
Okawaru
Qazlal
Ru
Uskayaw
Vehumet
The Shining One

Shops:
D:4 %   D:5 !   D:9 %   D:11 =   Orc:2 [


Innate Abilities, Weirdness & Mutations

You reflexively headbutt those who attack you in melee.
You have a pair of horns on your head.
Your mind is acute. (Int +2)
Your flesh is heat resistant. (rF+)
You are very weak. (Str -4)
Your movements are slightly less encumbered by armour. (ER -2)


Message History

A red film seems to cover your vision as you go berserk!
You feel yourself moving faster!
You feel mighty!
You are feeling very hungry.
The orc warlord hits you with a bardiche of freezing!!
* * * LOW HITPOINT WARNING * * *
The orc warlord freezes you!
* * * LOW HITPOINT WARNING * * *
The orc warrior hits you but does no damage.
You barely miss the orc warlord. You barely miss the orc warrior.
You slice the orc warlord!! Your headbutt misses the orc warlord.
The orc warlord is moderately wounded.
You slice the orc warrior!! You closely miss the orc warlord.
The orc warlord is moderately wounded.
You slash the orc warrior!
You feel the power of Trog in you as your rage grows.
You kill the orc warrior!
Trog accepts your kill.
The orc warlord hits you with a bardiche of freezing!!!
You die...

#....#...............#
###............#......##
##.#...............#....#
#......#........#.#......
##.##...........##.......
#...##............#...#..
#.....)[..............##.
##.....)).........#....##
##....<@........##.#..##
#......[o..##..........#
##................#.##.##
#................#######
##.#.............#
##.....#.......#####
#...............##.##
##...........#......#
#.....#.......#....##


You could see an orc warlord.

Vanquished Creatures
  Rupert (Orc:1)
  Azrael (D:13)
  A minotaur (Lab)
  An ogre mage (D:14)
  Erolcha (D:10)
  Fannar (D:10)
  2 rakshasas (D:15)
  5 vault guards (D:14)
  3 hydras
  2 tengu warriors
  4 centaur warriors
  A death knight (D:15)
  3 orc high priests
  A deep elf knight (D:14)
  A fire crab (D:15)
  A sixfirhy (D:11)
  6 unseen horrors
  A flayed ghost (D:8)
  A deep troll (shapeshifter) (D:15)
  6 hill giants
  Pikel (D:4)
  An orb spider (shapeshifter) (D:14)
  3 orc knights
  2 wolf spider zombies
  2 cyclopes
  An orc sorcerer (Orc:2)
  A deep elf mage (D:12)
  A manticore (D:14)
  An ugly thing (D:11)
  A centaur zombie (D:11)
  2 gargoyles
  A kobold demonologist (D:8)
  A yaktaur (D:14)
  A guardian mummy (D:11)
  A tengu conjurer (D:14)
  A harpy skeleton (D:15)
  A hornet (D:11)
  2 two-headed ogres
  4 trolls
  Prince Ribbit (D:5)
  6 slime creatures (D:15)
  A dream sheep (shapeshifter) (D:15)
  5 hippogriffs
  A tarantella (shapeshifter) (D:14)
  14 yaks
  2 wyverns
  A centaur simulacrum (D:15)
  A vampire (D:9)
  4 fire elementals (D:13)
  3 wraiths (D:15)
  A hog (shapeshifter) (D:15)
  5 vampire mosquitoes
  Eustachio (D:5)
  4 hungry ghosts
  A warg (Orc:2)
  A soldier ant (D:13)
  A water moccasin (D:15)
  2 hell hounds (D:13)
  6 porcupines (D:9)
  6 ice beasts
  A slave (D:4)
  28 orc warriors
  6 sky beasts
  11 ogres
  7 phantoms
  10 centaurs
  4 boggarts (D:15)
  4 crocodiles
  2 big kobolds
  11 bullfrogs
  2 wyvern zombies (D:9)
  2 scorpions
  3 wyvern skeletons
  A water moccasin skeleton (D:9)
  5 killer bees (D:10)
  The ghost of Monsterracer the Chopper, a weakling MiMo (D:3)
  5 howler monkeys
  11 wights
  6 crimson imps
  A quasit (D:9)
  19 orc priests
  2 centaur skeletons
  6 hounds
  4 jellies
  25 orc wizards
  A bullfrog skeleton (D:10)
  4 iguanas
  Crazy Yiuf (D:2)
  9 worker ants
  A killer bee zombie (D:6)
  2 hound zombies (D:9)
  Robin (D:4)
  A howler monkey zombie (D:6)
  8 gnolls
  17 adders
  2 river rats
  2 shadow imps
  An ooze (D:4)
  An adder skeleton (D:4)
  An adder zombie (D:9)
  3 worms
  4 leopard geckos
  86 orcs
  6 giant cockroaches
  14 goblins
  14 hobgoblins
  7 jackals
  8 quokkas
  4 ball pythons
  6 bats
  7 frilled lizards
  A jackal zombie (D:9)
  12 kobolds
  A quokka skeleton (D:4)
  10 rats
550 creatures vanquished.

Vanquished Creatures (collateral kills)
  A guardian mummy (D:11)
1 creature vanquished.

Vanquished Creatures (others)
  A human (D:14)
  An ogre (D:4)
  A hound (D:4)
  6 fungi (Orc:2)
9 creatures vanquished.

Grand Total: 560 creatures vanquished

Notes
Turn   | Place    | Note
-------+----------+-------------------------------------------
     0 | D:1      | dobroeutro the Minotaur Berserker began the quest for the Orb.
     0 | D:1      | Reached XP level 1. HP: 19/19 MP: 0/0
    90 | D:1      | Reached skill level 4 in Axes
   243 | D:1      | Reached XP level 2. HP: 26/26 MP: 1/1
   741 | D:2      | Found a runed door.
   783 | D:2      | Reached skill level 5 in Axes
   822 | D:2      | Reached ** piety under Trog
   871 | D:2      | Noticed Crazy Yiuf
   874 | D:2      | Killed Crazy Yiuf
   874 | D:2      | Reached XP level 3. HP: 31/31 MP: 2/2
  1014 | D:2      | Found a hide-covered altar of Uskayaw.
  1080 | D:2      | Reached XP level 4. HP: 28/39 MP: 3/3
  1136 | D:2      | Reached skill level 6 in Axes
  1634 | D:3      | Reached XP level 5. HP: 39/45 MP: 4/4
  1643 | D:3      | Reached skill level 7 in Axes
  1681 | D:3      | Noticed Monsterracer's ghost (weakling MiMo)
  1951 | D:3      | Reached *** piety under Trog
  2057 | D:3      | Reached skill level 8 in Axes
  2060 | D:3      | Killed Monsterracer's ghost
  2060 | D:3      | Reached XP level 6. HP: 51/51 MP: 5/5
  2160 | D:3      | Found a stormy altar of Qazlal.
  2461 | D:4      | Noticed Pikel
  2461 | D:4      | Noticed a slave
  2462 | D:4      | Noticed a slave
  2463 | D:4      | Noticed a slave
  2466 | D:4      | Killed a slave
  2468 | D:4      | Noticed a slave
  2473 | D:4      | Killed Pikel
  2473 | D:4      | Reached skill level 10 in Axes
  2473 | D:4      | Reached XP level 7. HP: 57/57 MP: 6/6
  2504 | D:4      | Found Geynupp's Food Shop.
  2518 | D:4      | Reached skill level 11 in Axes
  2773 | D:4      | Noticed Robin
  2785 | D:4      | Reached XP level 8. HP: 64/64 MP: 7/7
  2796 | D:4      | Killed Robin
  2808 | D:4      | Reached **** piety under Trog
  3107 | D:5      | Entered Level 5 of the Dungeon
  3108 | D:5      | Noticed Prince Ribbit
  3119 | D:5      | Killed Prince Ribbit
  3119 | D:5      | Reached skill level 12 in Axes
  3382 | D:5      | Got a crude battleaxe
  3389 | D:5      | Identified the +8 battleaxe "Sudeoq" {chop, rElec rC- Int+4} (You found it on level 5 of the Dungeon)
  3507 | D:5      | Found an iron altar of Okawaru.
  3558 | D:5      | Noticed Eustachio
  3562 | D:5      | Killed Eustachio
  3562 | D:5      | Reached skill level 13 in Axes
  3604 | D:5      | Found Qopiol Luda's Distillery.
  3775 | D:6      | Reached XP level 9. HP: 68/72 MP: 8/8
  3799 | D:6      | Found a snail-covered altar of Cheibriados.
  3869 | D:6      | Reached skill level 5 in Fighting
  3914 | D:6      | Found a snail-covered altar of Cheibriados.
  4041 | D:6      | Reached ***** piety under Trog
  4054 | D:6      | Found a shadowy altar of Dithmenos.
  4183 | D:7      | Gained mutation: Your movements are slightly less encumbered by armour. (ER -2) [mutagenic meat]
  4184 | D:7      | Gained mutation: You are weak. (Str -2) [mutagenic meat]
  4211 | D:7      | Reached skill level 5 in Armour
  4504 | D:7      | Reached skill level 14 in Axes
  4639 | D:7      | Found a staircase to the Ecumenical Temple.
  4849 | D:7      | Reached skill level 5 in Dodging
  4900 | D:8      | Found a blossoming altar of Fedhas.
  5020 | D:8      | Noticed a gargoyle
  5024 | D:8      | Killed a gargoyle
  5024 | D:8      | Reached XP level 10. HP: 84/84 MP: 9/9
  5046 | D:8      | Received a gift from Trog
  5104 | D:8      | Found a large runed door.
  5105 | D:8      | Found a large runed door.
  5363 | D:8      | Noticed a flayed ghost
  5370 | D:8      | Killed a flayed ghost
  5388 | D:8      | Killed an unseen horror
  5388 | D:8      | Reached skill level 15 in Axes
  5413 | D:8      | Found a sparkling altar of Nemelex Xobeh.
  5418 | D:8      | Found a sacrificial altar of Ru.
  5500 | D:8      | Reached XP level 11. HP: 46/94 MP: 10/10
  5670 | D:9      | Killed an unseen horror
  5677 | D:9      | Found a staircase to the Lair.
  5761 | D:9      | Got a twisted flail
  5762 | D:9      | Identified the +6 flail of Calculation {antimagic, *Noise MR+ Dex+5 SInv} (You found it on level 9 of the Dungeon)
  5900 | D:9      | Noticed a centaur warrior
  5905 | D:9      | Found Zugygor's Food Boutique.
  6089 | D:9      | Gained mutation: You are very weak. (Str -4) [mutagenic meat]
  6090 | D:9      | Gained mutation: Your mind is acute. (Int +2) [mutagenic meat]
  6092 | D:9      | Gained mutation: Your flesh is heat resistant. (rF+) [mutagenic meat]
  6103 | D:9      | Found a radiant altar of Vehumet.
  6246 | D:9      | Noticed a tengu warrior
  6257 | D:9      | Killed a tengu warrior
  6257 | D:9      | Reached skill level 16 in Axes
  6320 | D:9      | Killed a centaur warrior
  6421 | D:10     | Entered Level 10 of the Dungeon
  6475 | D:10     | Noticed Fannar
  6491 | D:10     | Killed Fannar
  6491 | D:10     | Received a gift from Trog
  6718 | D:10     | Noticed a hill giant
  6726 | D:10     | Killed a hill giant
  6807 | D:10     | Noticed Erolcha
  6820 | D:10     | Killed Erolcha
  6827 | D:10     | Reached XP level 12. HP: 105/105 MP: 11/11
  7250 | D:11     | Noticed a five-headed hydra
  7258 | D:11     | Killed a nine-headed hydra
  7258 | D:11     | Reached skill level 17 in Axes
  7288 | D:11     | Found Fupt's Jewellery Shop.
  7320 | D:11     | Found a staircase to the Orcish Mines.
  7353 | D:11     | Found a runed door.
  7418 | D:11     | Reached skill level 10 in Fighting
  7505 | D:11     | Reached ****** piety under Trog
  7552 | D:11     | Received a gift from Trog
  7901 | D:11     | Found a portal to a secret trove of treasure.
  7913 | D:11     | HP: 4/106 [guardian mummy's death curse (21)]
  7957 | Trove    | Entered a treasure trove
  8303 | D:11     | Reached skill level 10 in Armour
  8400 | D:12     | Got an iridescent war axe
  8401 | D:12     | Identified the +9 war axe of Infinity {chop, Int+5 Dex+2} (You found it on level 12 of the Dungeon)
  8474 | D:12     | Reached skill level 10 in Dodging
  8803 | D:13     | Noticed Azrael
  8821 | D:13     | Killed Azrael
  8892 | D:13     | Found a labyrinth entrance.
  8899 | Lab      | Entered a labyrinth
  9010 | Lab      | Noticed a minotaur
  9024 | Lab      | Killed a minotaur
  9026 | Lab      | Got a bound copper ring
  9048 | Lab      | Identified the ring "Apiczira" {Fire rPois} (You took it off a minotaur in a labyrinth)
  9064 | Lab      | Got a clouded tin amulet
  9066 | Lab      | Identified the amulet of Wiliog {Gourm rPois Str+2 Int+5} (You found it in a labyrinth)
  9121 | D:13     | Noticed a centaur warrior
  9128 | D:13     | Killed a centaur warrior
  9128 | D:13     | Reached skill level 18 in Axes
  9132 | D:13     | Reached XP level 13. HP: 103/115 MP: 12/12
  9209 | D:13     | Found a snail-covered altar of Cheibriados.
  9378 | D:13     | Got a warped ring mail
  9389 | D:13     | Identified the +4 ring mail of Jujuypri {Str+3 SInv} (You took it off an orc priest on level 13 of the Dungeon)
  9464 | D:13     | Identified a scroll of acquirement
  9467 | D:13     | Got a pair of scorched gloves
  9473 | D:13     | Identified the +0 pair of gloves of Nonan {*Corrode rN+ Dex+2} (You acquired it on level 13 of the Dungeon)
  9685 | D:13     | Reached * piety under Trog
 10555 | D:14     | Found a gate to the Vaults.
 10920 | D:14     | Reached skill level 19 in Axes
 11028 | D:15     | Entered Level 15 of the Dungeon
 11054 | D:15     | Found a glowing golden altar of the Shining One.
 11809 | D:15     | Reached XP level 14. HP: 28/126 MP: 13/13
 11984 | D:15     | Found a staircase to the Depths.
 12211 | Orc:1    | Entered Level 1 of the Orcish Mines
 12343 | Orc:2    | Entered Level 2 of the Orcish Mines
 12374 | Orc:2    | Found Diuric's Antique Armour Emporium.
 12565 | Orc:2    | Noticed Rupert
 12566 | Orc:2    | Noticed an orc warlord
 12605 | Orc:1    | Killed Rupert
 12605 | Orc:1    | Reached skill level 20 in Axes
 13038 | Orc:1    | Annihilated by an orc warlord

Skill      XL: |  1  2  3  4  5  6  7  8  9 10 11 12 13 14 |
---------------+-------------------------------------------+-----
Axes           | 4 5 6 8 10 11 13 14 15 16 18 19 20 | 20.0
Fighting       | 4 6 8 9 10 12 | 12.9
Armour         | 3 5 7 9 10 11 12 | 12.4
Dodging        | 3 5 7 8 10 12 13 | 13.5

Action                   |  1- 3 |  4- 6 |  7- 9 | 10-12 | 13-15 || total
-------------------------+-------+-------+-------+-------+-------++-------
Melee: Hand axe          |    63 |   100 |       |       |       ||   163
       Headbutt          |    12 |    21 |    41 |    51 |    78 ||   203
       War axe           |       |    27 |   119 |     9 |       ||   155
       Battleaxe         |       |       |   119 |   379 |   384 ||   882
Invok: Berserk           |     1 |     3 |       |     7 |     8 ||    19
       Burn Spellbooks   |       |       |     2 |     4 |       ||     6
       Brothers in Arms  |       |       |       |     1 |       ||     1
       Trog's Hand       |       |       |       |       |     1 ||     1
Evoke: Wand              |       |       |       |     1 |     4 ||     5
  Use: Scroll            |       |       |       |    31 |     4 ||    35
       Potion            |       |       |       |     1 |     2 ||     3
 Stab: Sleeping          |       |     1 |       |       |       ||     1
       Distracted        |       |       |       |       |     2 ||     2
  Eat: Chunk             |     1 |     6 |    12 |    22 |    14 ||    55
       Royal jelly       |       |       |       |     1 |     2 ||     3
       Meat ration       |       |       |       |     1 |       ||     1
       Bread ration      |       |       |       |     1 |       ||     1
Armor: Animal skin       |    11 |    14 |       |       |       ||    25
       Chain mail        |       |    15 |    99 |   157 |   119 ||   390
       Plate armour      |       |       |       |    64 |     7 ||    71
       Ring mail         |       |       |       |       |    23 ||    23
Dodge: Dodged            |    34 |    63 |    86 |   219 |   196 ||   598
